 Dungeon Crawl Stone Soup version 0.28.0-53-g5a82cb258f (webtiles) character file.

Game seed: 4167746088682243177

4187 cbfl8 the Cleaver (level 10, -7/91 HPs)
             Began as a Minotaur Berserker on Aug 22, 2022.
             Was an Elder of Trog.
             Mangled by an orc warrior
             ... wielding a +0 war axe
              (16 damage)
             ... in a bailey.
             The game lasted 00:14:49 (9644 turns).

cbfl8 the Cleaver (Minotaur Berserker)              Turns: 9644, Time: 00:14:50

Health: -7/91      AC: 13    Str: 21    XL:     10   Next: 8%
Magic:  9/9        EV:  9    Int:  4    God:    Trog [****..]
Gold:   185        SH:  0    Dex: 15    Spells: 9/9 levels left

rFire   . . .      SeeInvis +   y - +0 battleaxe
rCold   . . .      Faith    .   (shield currently unavailable)
rNeg    . . .      Spirit   .   q - +0 plate armour
rPois   .          Reflect  .   (helmet restricted)
rElec   .          Harm     .   i - scarf {repulsion}
rCorr   .          Rampage  .   (no gloves)
Will    .....                   (no boots)
Stlth   ..........              b - amulet of Mufro {RegenMP Fly Regen+}
HPRegen 1.05/turn               h - ring of see invisible
MPRegen 0.51/turn               (no ring)

@: mighty, on berserk cooldown, flying, slowed, repel missiles, very slow
A: horns 2, retaliatory headbutt, mutation resistance 1
a: Renounce Religion, Berserk, Trog's Hand, Brothers in Arms


You were in a bailey.
You worshipped Trog.
Trog was greatly pleased with you.
You visited 1 branch of the dungeon, and saw 7 of its levels.
You also visited: Bailey.

You collected 329 gold pieces.
You spent 144 gold pieces at shops.

Inventory:

Hand Weapons
 r - a +0 broad axe
 y - a +0 battleaxe (weapon)
Armour
 i - a scarf of repulsion (worn)
 q - a +0 plate armour (worn)
Jewellery
 b - the amulet of Mufro (around neck) {RegenMP Fly Regen+}
   (You acquired it on level 6 of the Dungeon)

   [amulet of magic regeneration]

   It increases your rate of magic regeneration.
   Fly:       It grants you flight.
   Regen:     It increases your rate of health regeneration.
 h - a ring of see invisible (left hand)
Wands
 k - a wand of charming (7) (quivered)
 m - a wand of digging (5)
 u - a wand of polymorph (9)
 v - a wand of acid (2)
 w - a wand of iceblast (21)
Scrolls
 d - 2 scrolls of fog
 f - 3 scrolls of immolation
 n - a scroll of enchant armour
 p - 2 scrolls of enchant weapon
 t - a scroll of noise
Potions
 a - a potion of cancellation
 l - a potion of ambrosia


   Skills:
 * Level 9.0 Fighting
 + Level 9.5 Axes
 + Level 8.0 Armour
 * Level 7.5 Dodging
 + Level 0.7 Stealth
 * Level 4.5 Evocations


You had 9 spell levels left.
You didn't know any spells.
Your spell library was empty.

Dungeon Overview and Level Annotations

Branches:
Dungeon (7/15)             Temple (0/1) D:4          Bailey (1/1)

Altars:
Ashenzari
Dithmenos
Gozag
Makhleb
Sif Muna
Uskayaw

Shops:
D:2 [   D:7 [


Innate Abilities, Weirdness & Mutations

You have a pair of horns on your head.
You reflexively headbutt those who attack you in melee.
You are somewhat resistant to further mutation.


Message History

You feel yourself slow down.
The orc warrior no longer looks unusually strong.
It was a potion of mutation.
You feel extremely strange.
You feel genetically stable.
The orc warrior is no longer covered in acid.
Cornered, the orc warrior turns to fight!
It was a potion of might.
You feel very mighty all of a sudden.
You barely miss the orc warrior.
The orc warrior hits you with a +0 hand axe.
* * * LOW HITPOINT WARNING * * *
The orc warrior hits you with a +0 hand axe.
* * * LOW HITPOINT WARNING * * *
It was a potion of curing.
You feel better.
The orc warrior hits you with a +0 hand axe.
* * * LOW HITPOINT WARNING * * *
The orc knight roars a battlecry!
The orc warriors go into a battle-frenzy!
The orc warrior hits you with a +0 hand axe.
* * * LOW HITPOINT WARNING * * *
It was a potion of flight.
You feel more buoyant.
The orc warrior hits you but does no damage.
It was a potion of berserk rage.
You're still recovering from your berserk rage.
The orc warrior hits you with a +0 hand axe.
* * * LOW HITPOINT WARNING * * *
The orc knight closely misses you.
The orc warrior hits you with a +0 hand axe!
* * * LOW HITPOINT WARNING * * *
Okay, then.
Aiming: Iceblast
Press: ? - help, Q - select action, (/) - cycle Shift-Dir - straight line
Okay, then.
Aiming: Charm
Press: ? - help, Q - select action, (/) - cycle Shift-Dir - straight line, f - orc knight
Aim: an orc knight, wielding a +0 broad axe and wearing a +0 scale mail (lightly wounded, chance to affect: 43%)
The orc knight is charmed.
The orc warrior hits you with a +0 war axe!
You die...

####### ....⌠.... ######
##.....##......o..##.....
#.......'.o.......'......
##.......##.......##......
#.........# o.. #.......
##.......))## 8 8
##.)..... #.....⌠.....#
#.....⌠.. ##.......oo##
##.)..... #.......o@#
#))).... ##.......##
##...... #.......# #...)))
##)[[..## ##..)o. ##'####
####)# ##)[[..## ##....o
#.......# #......
##.......## ##......
#.........# #.......


You could see 2 orc warriors and a friendly orc knight (charmed).

Vanquished Creatures
  An orc warlord (Bailey)
  2 wyverns (D:7)
  Menkaure (D:5)
  Edmund (D:6)
  6 orc warriors (Bailey)
  A black bear (D:6)
  4 ice beasts
  2 sky beasts (D:6)
  4 ogres
  A wyvern zombie (D:5)
  A water moccasin zombie (D:5)
  4 scorpions
  2 bullfrog zombies
  A centaur zombie (D:7)
  An orc priest (D:6)
  A hound (D:6)
  3 iguanas
  A bullfrog skeleton (D:7)
  Ijyb (D:5)
  2 orc wizards
  A killer bee zombie (D:6)
  8 gnolls
  3 adders
  A white imp (D:7)
  3 ufetubi (D:5)
  A worm (D:2)
  3 dart slugs
  24 orcs
  5 ball pythons
  4 bats
  7 endoplasms
  2 giant cockroaches (D:1)
  19 goblins
  14 hobgoblins
  14 jackals
  2 quokkas (D:5)
  2 frilled lizards
  9 kobolds
  8 rats
170 creatures vanquished.

Vanquished Creatures (collateral kills)
  2 orc warriors (Bailey)
2 creatures vanquished.

Vanquished Creatures (others)
  An orc knight (Bailey)
  2 plants (D:3)
3 creatures vanquished.

Grand Total: 175 creatures vanquished

Notes
Turn   | Place    | Note
-------+----------+-------------------------------------------
     0 | D:1      | cbfl8 the Minotaur Berserker began the quest for the Orb.
     0 | D:1      | Reached XP level 1. HP: 19/19 MP: 0/0
   204 | D:1      | Reached XP level 2. HP: 22/27 MP: 1/1
   747 | D:1      | Reached ** piety under Trog
   748 | D:1      | Reached XP level 3. HP: 22/33 MP: 2/2
  1723 | D:2      | Reached XP level 4. HP: 37/41 MP: 3/3
  2195 | D:2      | Found Pemell's Armour Shop.
  2610 | D:2      | Found a faded altar of an unknown god.
  3084 | D:3      | Reached XP level 5. HP: 47/47 MP: 4/4
  3115 | D:3      | Reached *** piety under Trog
  3116 | D:3      | Reached skill level 1 in Evocations
  3505 | D:3      | Reached skill level 5 in Axes
  3602 | D:3      | Found a burning altar of Makhleb.
  4152 | D:4      | Found a staircase to the Ecumenical Temple.
  4208 | D:4      | Found a hide-covered altar of Uskayaw.
  4480 | D:4      | Noticed an ogre
  4486 | D:4      | Killed an ogre
  4487 | D:4      | Reached skill level 5 in Fighting
  4487 | D:4      | Reached XP level 6. HP: 56/56 MP: 5/5
  5120 | D:5      | Entered Level 5 of the Dungeon
  5677 | D:5      | Noticed an ice beast
  5679 | D:5      | Noticed Ijyb
  5690 | D:5      | Killed an ice beast
  5691 | D:5      | Reached XP level 7. HP: 48/61 MP: 6/6
  5691 | D:5      | Killed Ijyb
  6237 | D:5      | Reached skill level 5 in Armour
  6239 | D:5      | Reached skill level 5 in Dodging
  6588 | D:5      | Noticed Menkaure
  7020 | D:5      | Killed Menkaure
  7021 | D:5      | Reached XP level 8. HP: 45/70 MP: 7/7
  8367 | D:6      | Found a shimmering blue altar of Sif Muna.
  8611 | D:6      | Noticed Edmund
  8624 | D:6      | Killed Edmund
  8746 | D:6      | Reached XP level 9. HP: 79/79 MP: 8/8
  8822 | D:6      | Identified a scroll of acquirement
  8831 | D:6      | Acquired the amulet of Mufro {RegenMP Fly Regen+}
  8927 | D:7      | Found Xehuck's Armour Shop.
  8943 | D:7      | Bought a scarf of repulsion for 144 gold pieces
  9075 | D:7      | Found a flagged portal.
  9091 | D:7      | Found an opulent altar of Gozag.
  9091 | D:7      | Found a shadowy altar of Dithmenos.
  9091 | D:7      | Found a broken altar of Ashenzari.
  9114 | Bailey   | Entered a bailey
  9467 | Bailey   | Noticed an orc knight
  9469 | Bailey   | Noticed an orc knight
  9479 | Bailey   | Reached **** piety under Trog
  9614 | Bailey   | Noticed an orc warlord
  9635 | Bailey   | Killed an orc warlord
  9636 | Bailey   | Reached XP level 10. HP: 28/91 MP: 9/9
  9638 | Bailey   | Gained mutation: You are somewhat resistant to further
                  | mutation. [potion of mutation]
  9644 | Bailey   | Mangled by an orc warrior

Illustrated notes

Levels and vault maps discovered:
D:1:      dpeg_arrival_rooms_a, layout_basic
D:2:      layout_basic, ebering_ecumenical_altar_hall, serial_shops, shop,
          minmay_misc_feat_plants, patterned_corridor
D:3:      layout_basic, lemuel_coloured_pillars_altar, wad_woods_river_04
D:4:      layout_layer_cave, nicolae_uskayaw_suspiria,
          minmay_temple_entry_statues_fountains, minivault_25,
          minmay_fractal_squares_5
D:5:      layout_cave_pods, uniq_ijyb, uniq_menkaure
D:6:      layout_loops_cross, general_overflow_altar, uniq_edmund
D:7:      layout_gridville, gammafunk_temple_overflow_forgotten, serial_shops,
          nicolae_square_shop, enter_bailey_2, corexii_item_surrounded_by_moat,
          minmay_misc_feat_pillars
Bailey:   bailey_axe_minmay_hex_keep, bailey

Skill      XL: |  1  2  3  4  5  6  7  8  9 |
---------------+----------------------------+-----
Fighting       | 4 5 6 7 9 |  9.0
Axes           | 4 5 6 8 9 |  9.5
Dodging        | 3 4 5 6 7 |  7.5
Evocations     | 1 2 3 4 |  4.5
Armour         | 3 4 5 6 8 |  8.0
Stealth        | |  0.7

Action                   |  1- 3 |  4- 6 |  7- 9 | 10-12 || total
-------------------------+-------+-------+-------+-------++-------
Melee: Hand axe          |    79 |   123 |       |       ||   202
       Punch             |     4 |       |     4 |       ||     8
       Headbutt          |     8 |    16 |    47 |       ||    71
       War axe           |       |    28 |   155 |       ||   183
       Battleaxe         |       |       |    48 |     1 ||    49
Invok: Berserk           |     2 |     4 |     7 |       ||    13
       Trog's Hand       |       |       |     1 |       ||     1
Evoke: Wand              |       |       |    11 |     1 ||    12
  Use: Scroll            |       |       |    16 |       ||    16
       Potion            |       |       |     3 |     5 ||     8
 Stab: Sleeping          |     1 |       |       |       ||     1
Armor: Animal skin       |    11 |       |       |       ||    11
       Scale mail        |     4 |    34 |       |       ||    38
       Plate armour      |       |    28 |   117 |     1 ||   146
Dodge: Dodged            |    65 |    72 |    95 |     1 ||   233
